 Seeded DCSS version 0.27-a0-1308-gc08437e49b (webtiles) character file.

Game seed: 12222999867958325445 (custom seed)

5 flotson the Sneak (level 1, -1/18 HPs)
             Began as a Demonspawn Delver on June 18, 2021.
             Succumbed to an adder's poison
             ... on level 4 of the Dungeon.
             The game lasted 00:00:48 (122 turns).

flotson the Sneak (Demonspawn Delver)                Turns: 122, Time: 00:00:49

Health: -1/18      AC:  5    Str: 12    XL:     1   Next: 66%
Magic:  1/1        EV: 10    Int: 11    God:
Gold:   13         SH:  0    Dex: 14    Spells: 0/0 levels left

rFire    . . .     SeeInvis .   a - +0 falchion
rCold    . . .     Faith    .   (no shield)
rNeg     . . .     Spirit   .   h - +0 ring mail
rPois    .         Reflect  .   (no helmet)
rElec    .         Harm     .   (no cloak)
rCorr    .         Rampage  .   (no gloves)
Will     .....                  (no boots)
Stlth    ++........             (no amulet)
HPRegen  0.06/turn              (no ring)
MPRegen  0.07/turn              (no ring)

@: lethally poisoned (-1 -> -5)
A: no striking features
a: no special abilities


You were on level 4 of the Dungeon.
You visited 1 branch of the dungeon, and saw 2 of its levels.

You collected 13 gold pieces.

Inventory:

Hand Weapons
 a - a +0 falchion (weapon)
Armour
 h - a +0 ring mail (worn)
Wands
 g - a wand of digging (3)
Scrolls
 c - a scroll of fog
 d - a scroll of magic mapping
 e - a scroll of fear
Potions
 f - a potion of haste


   Skills:
 + Level 3.1 Fighting
 + Level 1.9 Long Blades
 + Level 0.3 Armour
 + Level 1.9 Dodging
 - Level 4.5 Stealth


You couldn't memorise any spells.
You didn't know any spells.
Your spell library was empty.

Dungeon Overview and Level Annotations

Branches:
Dungeon (5/15)
 Temple: D:4-7

Altars:

Portals:
Sewer: D:4

Annotations:
D:5 3 runed translucent doors


Message History

The adder hisses angrily.
The adder bites you but does no damage. The adder completely misses you.
The adder bites you but does no damage. The adder barely misses you.
You barely miss the adder. The adder bites you.
The adder bites you but does no damage.
You miss the adder. The adder bites you.
You hit the adder.
The adder is lightly wounded.
The adder bites you but does no damage. The adder barely misses you.
You riposte.
You barely miss the adder.
The adder is lightly wounded.
You hit the adder.
The adder is moderately wounded.
The adder bites you but does no damage. The adder barely misses you.
You miss the adder.
The adder is moderately wounded.
The adder closely misses you.
You riposte.
You miss the adder.
The adder is moderately wounded.
You completely miss the adder.
The adder is moderately wounded.
The adder barely misses you. The adder misses you.
You hit the adder.
The adder is almost dead.
The adder bites you.
You are lethally poisoned!
The adder poisons you! The adder bites you but does no damage.
You hit the adder but do no damage.
The adder is almost dead.
* * * LOW HITPOINT WARNING * * *
You feel sick. The adder misses you.
You miss the adder.
The adder is almost dead.
* * * LOW HITPOINT WARNING * * *
You feel sick. The adder bites you.
* * * LOW HITPOINT WARNING * * *
The adder closely misses you.
You closely miss the adder.
The adder is almost dead.
You die...

# #.# .# # #.# .#
######.##.#########
...............[..#
.#..†....########.#
...............##.#
.##......##.......#
.........##...>...#
.##.############@>#
#.#...#≈∩≈≈≈≈≈≈S.)#
#...###########..#
##.. .....# .(#
.....## .# #####.#
# .# .#


You could see an adder.

Vanquished Creatures
  A dart slug (D:4)
  A goblin (D:4)
  A ball python (D:4)
  A kobold (D:4)
4 creatures vanquished.

Notes
Turn   | Place    | Note
-------+----------+-------------------------------------------
     0 | D:5      | flotson the Demonspawn Delver began the quest for the Orb.
     0 | D:5      | Reached XP level 1. HP: 18/18 MP: 1/1
    15 | D:5      | Noticed a wyvern simulacrum
    27 | D:5      | Found a runed translucent gate.
    27 | D:5      | Found a runed translucent gate.
    27 | D:5      | Found a runed translucent gate.
   107 | D:4      | Found a glowing drain.
   122 | D:4      | Succumbed to an adder's poison

Illustrated notes

Levels and vault maps discovered:
D:4:      layout_loops_ring, portal_sewer_entry_d, uniq_menkaure
D:5:      old_forge, layout_basic, temple_fountains, gammafunk_ghost_icy,
          guppyfry_early_lair_pool

Action                   || total
-------------------------++-------
Melee: Falchion          ||    18
Armor: Ring mail         ||     6
       Leather armour    ||     1
Dodge: Dodged            ||    14
       Rpst.: Falchion   ||     3

Table legend: (Time is in decaauts)
 A = Elapsed time spent in this place.
 B = Non-inter-level travel time spent in this place.
 C = Inter-level travel time spent in this place.
 D = Time resting spent in this place.
 E = Time spent auto-exploring this place.
 F = Levels seen in this place.
 G = Mean time per level.
                   A        B        C        D        E       F      G
               +--------+--------+--------+--------+--------+-----+--------+
         Total |    128 |    128 |      0 |      0 |     29 |   2 |   64.0 |
       Dungeon |    128 |    128 |      0 |      0 |     29 |   2 |   64.0 |
               +--------+--------+--------+--------+--------+-----+--------+

Top non-repeatable levels by time:
     D:4: 93 daAuts
     D:5: 35 daAuts
